 Dungeon Crawl Stone Soup version 0.17-b1-22-g5359643 (console) character file.

1612 Kloppie the Cutter (level 8, -5/50 HPs)
             Began as a High Elf Assassin on Nov 5, 2015.
             Was a Follower of Okawaru.
             Slain by a hog (6 damage)
             ... on level 8 of the Dungeon.
             The game lasted 00:19:03 (6339 turns).

Kloppie the Cutter (High Elf Assassin)              Turns: 6339, Time: 00:19:03

Health: -5/50      AC:  8    Str: 11    XL:     8   Next: 63%
Magic:  9/9        EV: 18    Int: 14    God:    Okawaru [*.....]
Gold:   313        SH:  0    Dex: 19    Spells: 0 memorised, 7 levels left

rFire  . . .     SeeInvis .     a - +0 short sword (elec)
rCold  . . .     Clarity  .     c - +0 robe
rNeg   . . .     SustAt   +     (no shield)
rPois  .         Gourm    .     G - +0 helmet
rElec  .         Spirit   .     d - +1 cloak
rCorr  .         Warding  .     (no gloves)
rMut   .         Stasis   .     D - +2 pair of boots
MR     .....                    (no amulet)
Stlth  +++.......               (no ring)
                                C - ring of sustain attributes

@: not resistant to hostile enchantments, fairly stealthy
A: no striking features
a: Heroism, Renounce Religion


You were on level 8 of the Dungeon.
You worshipped Okawaru.
Okawaru was aware of your devotion.
You were not hungry.

You visited 2 branches of the dungeon, and saw 9 of its levels.

You collected 313 gold pieces.

Inventory:

Hand Weapons
 a - a +0 short sword of electrocution (weapon)
 b - a +0 blowgun
 n - a +5 dagger of venom
 p - a +2 dagger
Missiles
 e - 38 poisoned needles
 f - 2 curare-tipped needles
Armour
 c - a +0 robe (worn)
 d - a +1 cloak (worn)
 D - a +2 pair of boots (worn)
 G - a +0 helmet (worn)
Jewellery
 C - a ring of sustain attributes (left hand)
Wands
 h - a wand of draining (8)
 B - a wand of magic darts (41)
Scrolls
 o - a scroll of amnesia
 r - 2 scrolls of random uselessness
 s - a scroll of magic mapping
 u - 4 scrolls of enchant armour
 w - 5 scrolls of remove curse
 x - a scroll of enchant weapon
 y - 3 scrolls of fear
 z - a scroll of immolation
Potions
 l - 3 potions of brilliance
 m - a potion of flight
 q - a potion of invisibility
 v - a potion of ambrosia
 A - a potion of lignification
 E - a potion of curing
 F - 2 potions of agility {unknown}
 H - a potion of magic {unknown}
 J - a potion of poison {unknown}
 K - a potion of heal wounds
 N - a potion of haste
 O - a potion of cure mutation {unknown}
Books
 I - a book of Death

   Spells                             Type                      Level
   a - Corpse Rot                     Necromancy                   2
   b - Sublimation of Blood           Necromancy                   2
   c - Agony                          Necromancy                   5
   d - Dispel Undead                  Necromancy                   5
   e - Excruciating Wounds            Charms/Necromancy            5
   f - Bolt of Draining               Conjuration/Necromancy       5
Comestibles
 g - 6 bread rations
 i - 2 meat rations
 j - 9 fruits
 k - 2 beef jerkies
 t - a slice of pizza
 L - 2 chunks of flesh


   Skills:
 - Level 2.1 Fighting
 + Level 7.4 Short Blades
 + Level 6.7 Throwing
 + Level 7.2 Dodging
 - Level 4.3 Stealth


You had 7 spell levels left.
You didn't know any spells.

Dungeon Overview and Level Annotations

Branches:
Dungeon (8/15)             Temple (1/1) D:7
   Lair: D:8-11

Altars:
Ashenzari
Cheibriados
Dithmenos
Elyvilon
Fedhas
Gozag
Kikubaaqudgha
Makhleb
Nemelex Xobeh
Okawaru
Qazlal
Ru
Sif Muna
Trog
Vehumet
Xom
Yredelemnul
Zin
The Shining One

Shops:
D:4 (}   D:5 (


Message History

You hit the sheep but do no damage.
There is a sudden explosion of sparks!
You kill the sheep!
Okawaru accepts your kill. The sheep completely misses you.
You hit the sheep but do no damage.
There is a sudden explosion of sparks!
The sheep is severely wounded.
You puncture the sheep!
You kill the sheep!
Okawaru accepts your kill.
You hit the hog but do no damage. The hog closely misses you.
You closely miss the hog. The hog bites you!
* * * LOW HITPOINT WARNING * * *
You hit the hog but do no damage.
There is a sudden explosion of sparks!
The hog is moderately wounded.
The hog bites you.
* * * LOW HITPOINT WARNING * * *
You hit the hog.
There is a sudden explosion of sparks!
The hog is almost dead.
The hog bites you.
You die...

##.....## #####.#####..
##.......#######.........
####..............#..###....
#.(..........####.#..# ##
#.##...####### #.#..#
##.###..#..#%%# #.#..# ##..#
##.#..#.%# #.#..##.##
##.#.##
###.Yh).####..........
#.###.# #..#@.#.......##.###
##.#.## #..#..####.#### #
##.## #####'####.#### #.#
#######.....##....##. #.#
#....(...............# #.#
#.#####.#......##.#.F. #.#
#.# #.#......# .# .#
#.###.## #........# #
#.##...######..(..###


You could see a hog and a sheep.

Vanquished Creatures
  A human (D:8)
  2 phantoms
  An ice beast (D:5)
  A sky beast (D:5)
  2 ogres
  2 centaurs
  A giant frog (D:7)
  A vampire bat (D:3)
  A crimson imp (D:5)
  4 hounds
  2 worker ants
  A jelly (D:7)
  An orc wizard (D:3)
  A centaur skeleton (D:5)
  3 iguanas
  2 sheep (D:8)
  A hound zombie (D:7)
  4 gnolls (D:3)
  11 adders
  2 oozes
  2 worms
  4 giant geckos
  12 orcs
  3 giant cockroaches
  7 goblins
  5 hobgoblins
  17 jackals
  2 quokkas
  3 ball pythons
  13 bats
  A giant gecko skeleton (D:4)
  6 giant newts
  6 kobolds
  6 rats
  A spectral orc (D:3)
132 creatures vanquished.

Notes
Turn   | Place    | Note
--------------------------------------------------------------
     0 | D:1      | Kloppie the High Elf Assassin began the quest for the Orb.
     0 | D:1      | Reached XP level 1. HP: 14/14 MP: 2/2
   212 | D:1      | Reached XP level 2. HP: 19/19 MP: 3/3
   993 | D:2      | Reached XP level 3. HP: 24/24 MP: 4/4
  1290 | D:2      | Reached XP level 4. HP: 24/29 MP: 5/5
  2112 | D:3      | Reached XP level 5. HP: 31/34 MP: 6/6
  2710 | D:3      | Found a basalt altar of Yredelemnul.
  2818 | D:3      | Reached XP level 6. HP: 36/39 MP: 7/7
  3120 | D:4      | Found Puodysk's Gadget Emporium.
  3459 | D:4      | Found Koawnith's Antique Weapon Boutique.
  3666 | D:4      | Found a shadowy altar of Dithmenos.
  3832 | D:5      | Entered Level 5 of the Dungeon
  3862 | D:5      | Found Foixt's Antique Weapon Shoppe.
  3930 | D:5      | Found a blossoming altar of Fedhas.
  4070 | D:5      | Reached skill level 5 in Short Blades
  4070 | D:5      | Reached skill level 5 in Dodging
  4070 | D:5      | Reached XP level 7. HP: 33/45 MP: 8/8
  4115 | D:5      | Reached skill level 5 in Throwing
  4326 | D:5      | HP: 2/45 [phantom (5)]
  4341 | D:5      | Reached skill level 6 in Short Blades
  4841 | D:6      | Found a shattered altar of Ashenzari.
  5019 | D:6      | Reached XP level 8. HP: 31/50 MP: 9/9
  5143 | D:6      | Found a blossoming altar of Fedhas.
  5143 | D:6      | Found an iron altar of Okawaru.
  5352 | D:7      | Found a staircase to the Ecumenical Temple.
  5388 | Temple   | Entered the Ecumenical Temple
  5483 | D:6      | Became a worshipper of Warmaster Okawaru
  6232 | D:8      | Reached * piety under Okawaru
  6232 | D:8      | Reached skill level 7 in Short Blades
  6338 | D:8      | HP: 1/50 [hog (4)]
  6339 | D:8      | Slain by a hog

Action                   |  1- 3 |  4- 6 |  7- 9 || total
-------------------------+-------+-------+-------++-------
Melee: Dagger            |   104 |   131 |   149 ||   384
       Short sword       |    19 |       |    69 ||    88
 Fire: Blowgun           |       |     2 |     7 ||     9
  Use: Scroll            |       |     6 |    15 ||    21
       Potion            |       |       |     1 ||     1
 Stab: Sleeping          |     7 |    11 |     5 ||    23
  Eat: Chunk             |     1 |     9 |     7 ||    17
